 Dungeon Crawl Stone Soup version 0.30-a0-457-g4b7bca3bfa (webtiles) character file.

Game seed: 14647845944348552779

476 Ijustatesigmund the Firebug (level 7, 0/51 HPs)
             Began as a Gnoll Fire Elementalist on Dec 13, 2022.
             Was an Initiate of Cheibriados.
             Slain by an orc warrior
             ... wielding a +0 war axe
              (11 damage)
             ... on level 4 of the Dungeon.
             The game lasted 00:06:08 (3473 turns).

Ijustatesigmund the Firebug (GnFE)                  Turns: 3473, Time: 00:06:09

Health: 0/51       AC:  4    Str: 11    XL:     7   Next: 10%
Magic:  15/15      EV: 14    Int: 15    God:    Cheibriados [......]
Gold:   144        SH:  0    Dex: 13    Spells: 14/17 levels left

rFire   . . .      SeeInvis .    d - +3 short sword (vamp)
rCold   . . .      Faith    .    (no shield)
rNeg    . . .      Spirit   .    a - +0 robe
rPois   .          Reflect  .    l - +1 helmet
rElec   .          Harm     .    (no cloak)
rCorr   .          Rampage  .    (no gloves)
Will    .....                    (no boots)
Stlth   +++.......               (no amulet)
HPRegen 0.28/turn                (no ring)
MPRegen 0.14/turn                (no ring)

@: about to teleport, very slow
A: fangs 1, strong nose, distributed training
a: Renounce Religion


You were on level 4 of the Dungeon.
You worshipped Cheibriados.
Cheibriados was noncommittal.
You visited 1 branch of the dungeon, and saw 4 of its levels.

You collected 144 gold pieces.

Inventory:

Hand Weapons
 d - a +3 vampiric short sword (weapon)
Missiles
 o - 2 silver javelins (quivered)
Armour
 a - a +0 robe (worn)
 l - a +1 helmet (worn)
Wands
 h - a wand of charming (4)
Potions
 b - a potion of magic
 e - a potion of attraction {unknown}
 f - 5 potions of flight {unknown}
 g - 3 potions of haste {unknown}
 i - 2 potions of heal wounds {unknown}
 j - 2 potions of curing {unknown}
 k - a potion of degeneration {unknown}


   Skills:
 + Level 2.3 Fighting
 + Level 2.3 Short Blades
 + Level 2.3 Long Blades
 + Level 2.3 Axes
 + Level 2.3 Maces & Flails
 + Level 2.3 Polearms
 + Level 2.3 Staves
 + Level 2.3 Ranged Weapons
 + Level 2.3 Throwing
 + Level 2.3 Armour
 + Level 5.2 Dodging
 + Level 4.8 Stealth
 + Level 2.3 Shields
 + Level 2.3 Unarmed Combat
 + Level 5.5 Spellcasting
 + Level 2.9 Conjurations
 + Level 1.9 Hexes
 + Level 1.9 Summonings
 + Level 1.9 Necromancy
 + Level 1.9 Translocations
 + Level 1.9 Transmutations
 + Level 5.8 Fire Magic
 + Level 1.9 Ice Magic
 + Level 1.9 Air Magic
 + Level 1.9 Earth Magic
 + Level 1.9 Poison Magic
 + Level 2.6 Invocations
 + Level 2.3 Evocations


You had 14 spell levels left.
You knew the following spells:

 Your Spells              Type           Power      Damage    Failure   Level
a - Foxfire               Conj/Fire      68%        2x1d7     2%          1
b - Scorch                Fire           42%        2d7       2%          2

Your spell library contained the following spells:

 Spells                   Type           Power      Damage    Failure   Level
 Magic Dart               Conj           52%        1d5       4%          1
 Apportation              Tloc           20%        N/A       7%          1
 Searing Ray              Conj           26%        2d5       7%          2
 Momentum Strike          Conj/Tloc      22%        3d8       9%          2
 Inner Flame              Hex/Fire       15%        N/A       10%         3
 Blink                    Tloc           20%        N/A       11%         2
 Kindle Blastsparks       Fire/Tloc/Air  26%        2d12      12%         3
 Lesser Beckoning         Tloc           20%        N/A       21%         3
 Portal Projectile        Hex/Tloc       20%        N/A       21%         3
 Tukima's Dance           Hex            10%        N/A       21%         3
 Flame Wave               Conj/Fire      17%        2d7       26%         4
 Fulminant Prism          Conj/Hex       5%         3d6       50%         4
 Cause Fear               Hex            5%         N/A       56%         4
 Alistair's Intoxication  Tmut/Pois      6%         N/A       88%         5
 Blade Hands              Tmut           5%         N/A       88%         5
 Discord                  Hex            5%         N/A       100%        8


Dungeon Overview and Level Annotations

Branches:
Dungeon (4/15)
 Temple: D:4-7

Altars:
Cheibriados
Elyvilon


Innate Abilities, Weirdness & Mutations

You have very sharp teeth.
Your uncanny sense of smell can sniff out nearby items.
Your experience applies equally to all skills.


Message History

Orders for allies: a - Attack new target. p - Attack previous target. r - Retreat! s - Stop attacking. g - Guard the area. f - Follow me.
Anything else - Cancel.
Gang up on whom?
Press: ? - help, Dir - move target, f - giant cockroach, p - phantom
Aim: a giant cockroach Attack!
The giant cockroach bites your phantom but does no damage.
Your phantom hits the giant cockroach.
The giant cockroach dies!
Cheibriados thoroughly appreciates the change of pace.
Something hits your phantom.
Your phantom hits the orc. Something hits your phantom.
Your phantom closely misses the orc.
You closely miss the orc. Your bite misses the orc.
The orc is severely wounded.
You hit the orc.
You feel better.
You kill the orc!
Cheibriados appreciates the change of pace.
Your phantom barely misses the orc warrior.
You hit the orc warrior but do no damage.
The orc warrior hits you with a +0 war axe!
The orc warrior hits your phantom with a +0 war axe!
Your phantom is destroyed!
You closely miss the orc warrior.
The orc warrior hits you with a +0 war axe!
Something hits you but does no damage.
As you read the scroll of teleportation, it crumbles to dust.
You feel strangely unstable. The orc warrior barely misses you.
You hear some strange, mumbled words.
A magic dart appears from out of thin air!
The magic dart hits you.
* * * LOW HITPOINT WARNING * * *
Something hits you.
* * * LOW HITPOINT WARNING * * *
A ball python comes into view.
The orc warrior attacks as you move away!
The orc warrior hits you with a +0 war axe!
You die...

............... ##S
......#........ ##..
......#....#... ...
........##..... ###..
##.......#... #....
#.....##.##.. #...
##....#####~~
#...######.....###♣~~
#...@o).####....#~~~~
##.##............~~~P
# #.~.~.=......♣~~P
#.§§~~.).....~P~~
#§§§~~....†..~~~~
#§§~~....<....~♣~
#.P.~......#..~♣
#####.#.......♣♣
#........#~♣


You could see an orc warrior and a ball python (asleep).

Vanquished Creatures
  An ogre (D:4)
  A water moccasin zombie (D:4)
  A scorpion (D:4)
  2 hounds
  An iguana (D:4)
  A hound zombie (D:4)
  A mummy (D:3)
  5 adders
  An adder skeleton (D:4)
  A worm (D:4)
  5 dart slugs
  3 orcs
  7 endoplasms
  4 giant cockroaches
  4 goblins
  8 hobgoblins
  5 jackals
  5 kobolds
  3 quokkas
  8 ball pythons
  6 bats
  2 frilled lizards
  2 rats
77 creatures vanquished.

Vanquished Creatures (collateral kills)
  A giant cockroach (D:4)
1 creature vanquished.

Vanquished Creatures (others)
  A phantom (D:4)
  A goblin (D:4)
  77 foxfires
  A fungus (D:1)
  12 plants
92 creatures vanquished.

Grand Total: 170 creatures vanquished

Notes
Turn   | Place    | Note
-------+----------+-------------------------------------------
     0 | D:1      | Ijustatesigmund the Gnoll Fire Elementalist began the quest
                  | for the Orb.
     0 | D:1      | Reached XP level 1. HP: 13/13 MP: 6/6
   211 | D:1      | Reached XP level 2. HP: 20/20 MP: 4/7
   249 | D:1      | Learned a level 2 spell: Scorch
   361 | D:1      | Found a faded altar of an unknown god.
   541 | D:1      | Reached skill level 5 in Spellcasting
   541 | D:1      | Reached XP level 3. HP: 25/25 MP: 7/9
   859 | D:2      | Reached skill level 1 in Invocations
   946 | D:2      | Reached skill level 1 in Fighting
   946 | D:2      | Reached skill level 1 in Short Blades
   946 | D:2      | Reached skill level 1 in Long Blades
   946 | D:2      | Reached skill level 1 in Axes
   946 | D:2      | Reached skill level 1 in Maces & Flails
   946 | D:2      | Reached skill level 1 in Polearms
   946 | D:2      | Reached skill level 1 in Staves
   946 | D:2      | Reached skill level 1 in Ranged Weapons
   946 | D:2      | Reached skill level 1 in Throwing
   946 | D:2      | Reached skill level 1 in Armour
   946 | D:2      | Reached skill level 1 in Shields
   946 | D:2      | Reached skill level 1 in Unarmed Combat
   946 | D:2      | Reached skill level 1 in Evocations
  1071 | D:2      | Reached XP level 4. HP: 32/32 MP: 11/11
  1608 | D:3      | Reached skill level 1 in Hexes
  1608 | D:3      | Reached skill level 1 in Summonings
  1608 | D:3      | Reached skill level 1 in Necromancy
  1608 | D:3      | Reached skill level 1 in Translocations
  1608 | D:3      | Reached skill level 1 in Transmutations
  1608 | D:3      | Reached skill level 1 in Ice Magic
  1608 | D:3      | Reached skill level 1 in Air Magic
  1608 | D:3      | Reached skill level 1 in Earth Magic
  1608 | D:3      | Reached skill level 1 in Poison Magic
  1798 | D:3      | Found a white marble altar of Elyvilon.
  2408 | D:3      | Found a snail-covered altar of Cheibriados.
  2415 | D:3      | Reached XP level 5. HP: 37/37 MP: 6/12
  2420 | D:3      | Became a worshipper of Cheibriados the Contemplative
  2909 | D:4      | Reached XP level 6. HP: 31/44 MP: 8/13
  2990 | D:4      | Reached skill level 5 in Dodging
  3242 | D:4      | Reached XP level 7. HP: 28/50 MP: 15/15
  3473 | D:4      | Slain by an orc warrior

Illustrated notes

Levels and vault maps discovered:
D:1:      tarquinn_simple_flora_water_c, layout_rooms,
          shapermc_ecumenical_altar_mp_urbaneastern
D:2:      layout_basic, serial_forest, infiniplex_forest_clump_small,
          infiniplex_forest_3_way, infiniplex_forest_lined_1,
          infiniplex_forest_3_way, infiniplex_forest_clump_curved,
          infiniplex_forest_straight_4, infiniplex_forest_clump_long
D:3:      layout_basic, slow_altar_2, mainiacjoe_overflow_catwalk,
          guppyfry_early_lair_pool
D:4:      layout_cave_pools, serial_undead, serial_undead_c, serial_undead_f,
          serial_undead_b, serial_undead_e, serial_bayou_lagoon_b, uniq_edmund

Skill      XL: |  1  2  3  4  5  6 |
---------------+-------------------+-----
Conjurations   | 2 |  2.9
Spellcasting   | 5 |  5.5
Invocations    | 1 2 |  2.6
Fighting       | 1 2 |  2.3
Short Blades   | 1 2 |  2.3
Long Blades    | 1 2 |  2.3
Axes           | 1 2 |  2.3
Maces & Flails | 1 2 |  2.3
Polearms       | 1 2 |  2.3
Staves         | 1 2 |  2.3
Ranged Weapons | 1 2 |  2.3
Throwing       | 1 2 |  2.3
Armour         | 1 2 |  2.3
Shields        | 1 2 |  2.3
Unarmed Combat | 1 2 |  2.3
Evocations     | 1 2 |  2.3
Hexes          | 1 |  1.9
Summonings     | 1 |  1.9
Necromancy     | 1 |  1.9
Translocations | 1 |  1.9
Transmutations | 1 |  1.9
Ice Magic      | 1 |  1.9
Air Magic      | 1 |  1.9
Earth Magic    | 1 |  1.9
Poison Magic   | 1 |  1.9
Dodging        | 5 |  5.2
Stealth        | |  4.8
Fire Magic     | |  5.8

Action                   |  1- 3 |  4- 6 |  7- 9 || total
-------------------------+-------+-------+-------++-------
Melee: Short sword       |    46 |   160 |    18 ||   224
       Bite              |     1 |    17 |     3 ||    21
       Punch             |       |     2 |       ||     2
 Cast: Foxfire           |    27 |    18 |       ||    45
       Scorch            |     1 |    11 |     1 ||    13
Evoke: Wand              |       |       |     1 ||     1
  Use: Scroll            |     3 |     5 |     3 ||    11
 Stab: Sleeping          |     8 |     4 |       ||    12
Armor: Robe              |    10 |    33 |     9 ||    52
Dodge: Dodged            |    44 |   110 |    18 ||   172

Table legend: (Time is in decaauts)
 A = Elapsed time spent in this place.
 B = Non-inter-level travel time spent in this place.
 C = Inter-level travel time spent in this place.
 D = Time resting spent in this place.
 E = Time spent auto-exploring this place.
 F = Levels seen in this place.
 G = Mean time per level.
                   A        B        C        D        E       F      G
               +--------+--------+--------+--------+--------+-----+--------+
         Total |   3547 |   3462 |     85 |    672 |   2110 |   4 |  886.8 |
       Dungeon |   3547 |   3462 |     85 |    672 |   2110 |   4 |  886.8 |
               +--------+--------+--------+--------+--------+-----+--------+

Top non-repeatable levels by time:
     D:3: 1340 daAuts
     D:2: 785 daAuts
     D:1: 764 daAuts
     D:4: 656 daAuts
